 Dungeon Crawl Stone Soup version 0.25-a0-460-g4f2eb97ec1 (console) character file.

Game seed: 15774199311148772786, levelgen mode: deterministic

80194 Kagalorn the Spry (level 15, -6/115 HPs)
             Began as a Vampire Assassin on Feb 1, 2020.
             Was the Champion of Dithmenos.
             Mangled by a wolf spider (8 damage)
             ... on level 1 of the Spider Nest on Feb 3, 2020.
             The game lasted 01:37:06 (27898 turns).

Kagalorn the Spry (Vampire Assassin)               Turns: 27898, Time: 01:37:08

Health: -6/115     AC: 16    Str: 13    XL:     15   Next: 23%
Magic:  27/27      EV: 18    Int: 18    God:    Dithmenos [******]
Gold:   1042       SH:  0    Dex: 17    Spells: 23/31 levels left

rFire    + . .     SeeInvis +   c - +1 great sword (vamp)
rCold    + . .     Gourm    .   (shield currently unavailable)
rNeg     . . .     Faith    .   I - +4 scale mail "Udie" {+Inv rPois MR+ Str-4}
rPois    +         Spirit   .   L - +0 helmet of Circular Logic {rCorr Str+6}
rElec    .         Reflect  .   T - scarf {rC+ rF+}
rCorr    +         Harm     .   z - +1 pair of gloves
MR       ++...                  w - +0 pair of boots
Stlth    +++++++...             G - amulet of the acrobat
HPRegen  0.49/turn              Y - +5 ring of slaying
MPRegen  0.20/turn              K - ring of wizardry

@: regenerating quickly, wreathed by umbra
A: no food, fangs 3, see invisible, unbreathing
a: Exsanguinate, Shadow Step, Shadow Form, Renounce Religion, Evoke Invisibility


You were on level 1 of the Spider Nest.
You worshipped Dithmenos.
Dithmenos was exalted by your worship.
You were alive.

You visited 5 branches of the dungeon, and saw 25 of its levels.
You also visited: Sewer and Ossuary.

You collected 2577 gold pieces.
You spent 1535 gold pieces at shops.

Inventory:

Hand Weapons
 a - a +0 rapier of electrocution
 b - a +5 scimitar of flaming
 c - a +1 vampiric great sword (weapon)
 f - a +2 dagger of venom
Missiles
 d - 71 poisoned darts (quivered)
 e - 2 curare-tipped darts
 u - 2 throwing nets
 E - 16 atropa-tipped darts
Armour
 w - a +0 pair of boots (worn)
 z - a +1 pair of gloves (worn)
 I - the +4 scale mail "Udie" (worn) {+Inv rPois MR+ Str-4}
   (You bought it in a shop on level 13 of the Dungeon)

   It affects your strength (-4).
   It protects you from poison.
   It affects your resistance to hostile enchantments.
   It lets you turn invisible.
   If you remove this armour, your AC will fall 12 points (16 -> 4)
 L - the +0 helmet of Circular Logic (worn) {rCorr Str+6}
   (You found it on level 6 of the Lair of Beasts)

   It affects your strength (+6).
   It provides partial protection from all sources of acid and corrosion.
   If you remove this armour, your AC will fall 2 points (16 -> 14)
 T - a scarf of resistance (worn)
Jewellery
 j - an uncursed ring of flight
 y - an uncursed ring of poison resistance
 C - an uncursed ring of wizardry
 G - an amulet of the acrobat (around neck)
 K - a ring of wizardry (right hand)
 P - an uncursed ring of ice
 Y - a +5 ring of slaying (left hand)
Wands
 n - a wand of iceblast (20)
 D - a wand of clouds (4)
 H - a wand of flame (27)
 R - a wand of acid (7)
 S - a wand of scattershot (8)
 X - a wand of paralysis (8)
Scrolls
 g - 10 scrolls of amnesia
 i - 8 scrolls of fog
 l - 5 scrolls of blinking
 s - 2 scrolls of fear
 t - 10 scrolls of remove curse
 x - 3 scrolls of enchant armour
 A - 18 scrolls of teleportation
 B - 3 scrolls of enchant weapon
 F - 2 scrolls of magic mapping
 Z - 2 scrolls of identify
Potions
 k - 7 potions of heal wounds
 m - 6 potions of flight
 o - 3 potions of might
 p - 2 potions of agility
 q - a potion of mutation
 r - a potion of cancellation
 v - 5 potions of invisibility
 J - 11 potions of curing
 M - 7 potions of brilliance
 N - 5 potions of magic
 O - 2 potions of berserk rage
 Q - 2 potions of resistance
 U - 4 potions of lignification
 V - 3 potions of haste


   Skills:
 - Level 10.0 Fighting
 - Level 8.0(12.2) Short Blades
 - Level 13.3(14.0) Long Blades
 - Level 1.5 Throwing
 - Level 5.0 Armour
 - Level 15.0 Dodging
 - Level 12.0 Stealth
 * Level 8.9 Spellcasting
 - Level 3.0 Transmutations
 * Level 4.4 Air Magic
 - Level 3.0 Earth Magic


You had 23 spell levels left.
You knew the following spells:

 Your Spells              Type           Power        Failure   Level  Hunger
b - Swiftness             Chrm/Air       ###.....     9%          2    N/A
c - Airstrike             Air            ###.......   24%         4    N/A
g - Passwall              Tmut/Erth      ###.....     7%          2    N/A

Your spell library contained the following spells:

 Spells                   Type           Power        Failure   Level  Hunger
 Sandblast                Erth           ###...       4%          1    N/A
 Shock                    Conj/Air       ###.         6%          1    N/A
 Sting                    Tmut/Pois      ##..         9%          1    N/A
 Corpse Rot               Necr/Air       N/A          9%          2    N/A
 Poisonous Vapours        Pois/Air       ###...       9%          2    N/A
 Foxfire                  Conj/Fire      #...         16%         1    N/A
 Freeze                   Ice            #...         16%         1    N/A
 Magic Dart               Conj           #...         16%         1    N/A
 Static Discharge         Conj/Air       ###.....     17%         3    N/A
 Call Imp                 Summ           #.......     22%         2    N/A
 Searing Ray              Conj           #.....       22%         2    N/A
 Sublimation of Blood     Necr           #.........   22%         2    N/A
 Mephitic Cloud           Conj/Pois/Air  ##......     24%         3    N/A
 Stone Arrow              Conj/Erth      ##....       24%         3    N/A
 Ignite Poison            Fire/Tmut/Pois ##......     28%         3    N/A
 Petrify                  Tmut/Erth      ###.....     38%         4    N/A
 Call Canine Familiar     Summ           #.......     41%         3    N/A
 Conjure Flame            Conj/Fire      #.......     41%         3    N/A
 Dazzling Flash           Conj/Hex       #.....       41%         3    N/A
 Inner Flame              Hex/Fire       #.......     41%         3    N/A
 Ozocubu's Armour         Chrm/Ice       #.......     41%         3    N/A
 Recall                   Summ/Tloc      N/A          41%         3    N/A
 Lee's Rapid Deconstruct  Erth           ###.......   71%         5    N/A
 Dispel Undead            Necr           #.......     80%         4    N/A
 Fulminant Prism          Conj/Hex       #.........   80%         4    N/A
 Hailstorm                Conj/Ice       #.......     80%         4    N/A
 Iskenderun's Mystic Bla  Conj/Tloc      #.......     80%         4    N/A
 Olgreb's Toxic Radiance  Pois           #.......     80%         4    N/A
 Sticky Flame             Conj/Fire      #.......     80%         4    N/A
 Summon Ice Beast         Ice/Summ       #.......     80%         4    N/A
 Lightning Bolt           Conj/Air       ###.......   82%         5    N/A
 Bolt of Magma            Conj/Fire/Erth ##........   93%         5    N/A
 Agony                    Necr           #.......     98%         5    N/A
 Aura of Abjuration       Summ           #.........   98%         5    N/A
 Excruciating Wounds      Chrm/Necr      #.........   98%         5    N/A
 Fireball                 Conj/Fire      #.........   98%         5    N/A
 Iskenderun's Battlesphe  Conj/Chrm      #.......     98%         5    N/A
 Summon Demon             Summ           #.........   98%         5    N/A
 Summon Forest            Summ/Tloc      #.........   98%         5    N/A
 Summon Mana Viper        Hex/Summ       #.......     98%         5    N/A
 Freezing Cloud           Conj/Ice/Air   ##........   100%        6    N/A
 Iron Shot                Conj/Erth      ##........   100%        6    N/A
 Shadow Creatures         Summ           N/A          100%        6    N/A
 Orb of Destruction       Conj           #.........   100%        7    N/A
 Ring of Flames           Chrm/Fire      #.........   100%        7    N/A
 Spellforged Servitor     Conj/Summ      #.........   100%        7    N/A

Dungeon Overview and Level Annotations

Branches:
Dungeon (15/15)            Temple (1/1) D:7            Lair (6/6) D:11
 Shoals (0/4) Lair:4       Spider (1/4) Lair:3        Slime (0/5) Lair:6
    Orc (2/2) D:9             Elf (0/3) Orc:2        Vaults (0/5) D:13
 Depths (0/5) D:15          Sewer (visited)         Ossuary (visited)

Altars:
Ashenzari
Cheibriados
Dithmenos
Elyvilon
Fedhas
Gozag
Hepliaklqana
Kikubaaqudgha
Makhleb
Nemelex Xobeh
Okawaru
Qazlal
Ru
Sif Muna
Trog
Uskayaw
Vehumet
Wu Jian
Xom
Yredelemnul
Zin
The Shining One
Beogh

Shops:
D:6 !   D:7 :   D:9 (!((   D:11 ?   D:13 :!*[%((*   Orc:2 }?[*

Annotations:
D:14 3 runed translucent doors, Gargoyl's ghost, journeyman CeAK
Orc:2 exclusion: door, Saint Roka


Innate Abilities, Weirdness & Mutations

You do not eat.
Your natural rate of healing is unusually fast.
You have razor-sharp teeth.
You have supernaturally acute eyesight. (SInv)
You can survive without breathing.


Message History

The wolf spider barely misses you. x2; The wolf spider hits you!
* * * LOW HITPOINT WARNING * * *
The wolf spider misses you.
You slash the wolf spider!
You feel better.
You bite the wolf spider.
The wolf spider is heavily wounded.
Your shadow hits the wolf spider but does no damage.
The wolf spider misses you.
You riposte.
You hit the wolf spider.
You feel better.
The wolf spider is heavily wounded.
The wolf spider barely misses you.
The orb spider weaves a glowing orb of energy.
An orb of destruction comes into view.
You barely miss the wolf spider.
The wolf spider is heavily wounded.
The wolf spider hits you but does no damage.
The wolf spider misses you.
The wavering orb of destruction hits you!!
* * * LOW HITPOINT WARNING * * *
The wolf spider hits you!
You die...

#.°.###.##
###..†<# ###
#.....###
#....#####.^
##.....#
##....#.....
####.s.##
##.........
#..#s..#
####...##...
.......##
###...§^###...
.#......#
####.....#####...
....##.##
###......###
#.... .....###
#.@s....## ##....
##....#
#.○......# #....)
#....#
##s...#...#
#....[ #.°..#
#....###...#
#####. #....#
..#...? ....# ##
##...## .......##
....# # #.†.##
........## #.....
. ..†.# .........
..... .. ....##
..[...... ...


You could see a wolf spider and an orb spider.

Vanquished Creatures
  A ghost moth (Spider:1)
  An ironheart preserver (D:13)
  An entropy weaver (Lair:3)
  Josephine (D:10)
  Snorg (Lair:6)
  Fannar (Lair:1)
  5 hydras
  Erolcha (D:10)
  Erica (D:8)
  4 centaur warriors
  8 two-headed ogres
  An ogre mage (D:12)
  15 death yaks
  4 skeletal warriors
  Nergalle (D:11)
  A wizard (D:14)
  A wolf spider zombie (D:13)
  5 wolf spiders
  2 ugly things
  3 orc sorcerers
  An orc knight (Orc:2)
  A manticore (D:13)
  A deep elf mage (D:14)
  3 cyclopes
  3 centaur zombies
  A torpor snail (Lair:6)
  A guardian serpent (Lair:6)
  8 black mambas
  12 spiny frogs
  A rime drake (Lair:2)
  A demonic crawler (Lair:3)
  4 trolls
  4 komodo dragons
  A polar bear (Lair:4)
  4 jumping spiders
  3 hornets
  8 blink frogs
  10 slime creatures
  9 hippogriffs
  Sigmund (D:6)
  A shadow (D:13)
  11 wyverns
  18 redbacks
  A water elemental (D:13)
  3 wraiths
  34 yaks
  6 tarantellas (Spider:1)
  3 hungry ghosts
  A warg (Orc:1)
  17 water moccasins
  7 porcupines
  6 ice beasts
  34 orc warriors
  4 black bears
  2 eyes of draining
  A necrophage (D:10)
  4 phantoms
  3 sky beasts
  3 wolves (Lair:2)
  9 ogres
  11 centaurs
  12 crocodiles
  12 bullfrogs
  2 elf skeletons (D:8)
  A wyvern skeleton (D:11)
  3 scorpions
  6 killer bees
  2 howler monkeys
  5 wights
  An electric eel (Lair:5)
  A crimson imp (D:5)
  A human zombie (D:8)
  3 bullfrog zombies
  7 hounds
  40 orc wizards
  31 orc priests
  5 centaur skeletons
  7 jellies
  4 bullfrog skeletons
  An iguana (D:5)
  6 worker ants
  A hound zombie (D:5)
  A hound skeleton (D:4)
  8 mummies (Ossuary)
  2 worker ant zombies
  3 gnolls
  An orc zombie (D:8)
  13 adders
  2 shadow imps
  5 oozes (Sewer)
  7 worms
  A dart slug (D:2)
  9 leopard geckos
  140 orcs
  5 ball pythons
  7 giant cockroaches
  4 gnoll zombies
  7 goblins
  9 hobgoblins
  15 jackals
  7 kobolds
  8 quokkas
  12 bats
  5 frilled lizards
  A giant cockroach zombie (D:6)
  4 hobgoblin zombies (Ossuary)
  A jackal zombie (D:8)
  A kobold zombie (Ossuary)
  3 orc skeletons (D:8)
  15 rats
761 creatures vanquished.

Vanquished Creatures (others)
  Maurice (D:9)
  An orc (D:14)
  8 fungi
  4 plants
14 creatures vanquished.

Grand Total: 775 creatures vanquished

Notes
Turn   | Place    | Note
-------+----------+-------------------------------------------
     0 | D:1      | Kagalorn the Vampire Assassin began the quest for the Orb.
     0 | D:1      | Reached XP level 1. HP: 16/16 MP: 1/1
   271 | D:1      | Reached XP level 2. HP: 22/22 MP: 2/2
  1210 | D:2      | Reached XP level 3. HP: 27/27 MP: 3/3
  1926 | D:3      | Reached XP level 4. HP: 32/33 MP: 4/4
  2432 | D:4      | Reached skill level 2 in Dodging
  2432 | D:4      | Reached XP level 5. HP: 24/38 MP: 5/5
  2701 | D:4      | Noticed an orc warrior
  2794 | D:3      | Killed an orc warrior
  2794 | D:3      | Reached XP level 6. HP: 35/44 MP: 6/6
  2925 | D:4      | Reached skill level 5 in Short Blades
  2925 | D:4      | Reached skill level 3 in Dodging
  3173 | D:4      | Reached XP level 7. HP: 43/49 MP: 7/7
  3792 | D:5      | Entered Level 5 of the Dungeon
  3804 | D:5      | Found a glowing drain.
  3838 | Sewer    | Entered a sewer
  4510 | D:5      | Reached skill level 4 in Dodging
  4510 | D:5      | Reached skill level 10 in Stealth
  5008 | D:6      | Reached XP level 8. HP: 32/55 MP: 8/8
  5027 | D:6      | Noticed Sigmund
  5056 | D:6      | Killed Sigmund
  5056 | D:6      | Reached skill level 5 in Dodging
  5268 | D:6      | Found a radiant altar of Vehumet.
  5667 | D:6      | Found Heom Rie's Distillery.
  5670 | D:6      | Bought a potion of curing for 39 gold pieces
  6031 | D:6      | Reached skill level 6 in Dodging
  6461 | D:7      | Found a glowing silver altar of Zin.
  6493 | D:7      | Found a staircase to the Ecumenical Temple.
  6767 | D:7      | Found Laptyz Xemi's Book Shop.
  6787 | D:7      | Reached skill level 7 in Dodging
  6787 | D:7      | Reached XP level 9. HP: 37/54 MP: 9/9
  6913 | Temple   | Entered the Ecumenical Temple
  7061 | Temple   | Became a worshipper of Dithmenos the Shadowed
  7093 | D:7      | Found a glowing golden altar of the Shining One.
  7095 | D:7      | Found a shimmering blue altar of Sif Muna.
  7422 | D:8      | Found a transporter.
  7468 | D:8      | Reached skill level 8 in Dodging
  7621 | D:8      | Found a blossoming altar of Fedhas.
  7654 | D:8      | Noticed Erica
  7882 | D:8      | Found a transporter.
  7953 | D:8      | Found a sand-covered staircase.
  7962 | Ossuary  | Entered an ossuary
  7994 | Ossuary  | Reached * piety under Dithmenos
  8241 | D:8      | Reached skill level 9 in Dodging
  8794 | D:8      | Killed Erica
  8794 | D:8      | Reached skill level 10 in Dodging
  8794 | D:8      | Reached XP level 10. HP: 73/73 MP: 10/10
  8963 | D:8      | Got a transparent helmet
  8985 | D:8      | Identified the +0 helmet "Pamagrosm" {rPois SInv} (You
                  | found it on level 8 of the Dungeon)
  9143 | D:9      | Found Poughoaw's Antique Weapon Emporium.
  9289 | D:9      | Found Ocolu's Distillery.
  9294 | D:9      | Bought a potion of berserk rage for 75 gold pieces
  9294 | D:9      | Bought a potion of lignification for 45 gold pieces
  9340 | D:9      | Found Gentum Teku's Antique Weapon Shop.
  9479 | D:9      | Reached skill level 1 in Long Blades
  9642 | D:9      | Found a staircase to the Orcish Mines.
  9682 | D:9      | Reached ** piety under Dithmenos
  9716 | D:9      | Noticed a two-headed ogre
  9766 | D:9      | Killed a two-headed ogre
  9766 | D:9      | Reached skill level 5 in Fighting
  9766 | D:9      | Reached skill level 1 in Armour
  9769 | D:9      | Noticed Maurice
  9950 | D:9      | Killed Maurice
 10044 | D:9      | Found Essomop's Weapon Boutique.
 10544 | D:9      | Found a staircase to the Orcish Mines.
 10607 | D:9      | Found Essomop's Weapon Boutique.
 10727 | D:9      | Found Poughoaw's Antique Weapon Emporium.
 10752 | D:9      | Found Gentum Teku's Antique Weapon Shop.
 10792 | D:9      | Found Ocolu's Distillery.
 11064 | D:10     | Entered Level 10 of the Dungeon
 11144 | D:10     | Reached skill level 5 in Long Blades
 11213 | D:10     | Reached skill level 11 in Dodging
 11449 | D:10     | Noticed a two-headed ogre
 11482 | D:10     | Noticed a purple ugly thing
 11485 | D:10     | Killed a two-headed ogre
 11485 | D:10     | Reached XP level 11. HP: 78/79 MP: 11/11
 11504 | D:10     | Killed a purple ugly thing
 11553 | D:10     | Noticed Erolcha
 11756 | D:10     | Reached *** piety under Dithmenos
 11862 | D:10     | Killed Erolcha
 12272 | D:11     | Noticed Josephine
 12590 | D:10     | Killed Josephine
 12761 | D:10     | HP: 3/70 [orc priest/divine providence (17)]
 13085 | D:11     | Reached **** piety under Dithmenos
 13167 | D:11     | Noticed Nergalle
 13355 | D:11     | Killed Nergalle
 13355 | D:11     | Reached skill level 10 in Long Blades
 13482 | D:11     | Found Sekketoshea's Magic Scroll Shop.
 13485 | D:11     | Bought a scroll of blinking for 97 gold pieces
 13485 | D:11     | Bought a scroll of teleportation for 39 gold pieces
 13485 | D:11     | Bought a scroll of teleportation for 39 gold pieces
 13485 | D:11     | Bought 3 scrolls of fog for 78 gold pieces
 13512 | D:11     | Found a staircase to the Lair.
 13516 | Lair:1   | Entered Level 1 of the Lair of Beasts
 13563 | Lair:1   | Noticed Fannar
 13587 | Lair:1   | Killed Fannar
 13587 | Lair:1   | Reached XP level 12. HP: 67/86 MP: 12/12
 14264 | Lair:2   | Found a shimmering altar of Xom.
 14577 | Lair:2   | Noticed a five-headed hydra
 14594 | Lair:2   | Killed a one-headed hydra
 14661 | Lair:2   | Noticed a six-headed hydra
 14682 | Lair:2   | Killed a two-headed hydra
 14682 | Lair:2   | Reached skill level 12 in Dodging
 14784 | Lair:2   | Noticed a death yak
 14785 | Lair:2   | Noticed a death yak
 14803 | Lair:2   | Noticed a death yak
 14810 | Lair:2   | Killed a death yak
 15147 | Lair:1   | Killed a death yak
 15272 | Lair:2   | Killed a death yak
 15272 | Lair:2   | Reached skill level 5 in Armour
 16457 | Lair:3   | Found a hole to the Spider Nest.
 16537 | Lair:3   | Reached ***** piety under Dithmenos
 16799 | Lair:4   | Found a staircase to the Shoals.
 16816 | Lair:4   | Reached XP level 13. HP: 90/96 MP: 13/13
 18950 | Lair:4   | Reached skill level 10 in Fighting
 19607 | Lair:6   | Entered Level 6 of the Lair of Beasts
 19787 | Lair:6   | Noticed Snorg
 19791 | Lair:6   | Killed Snorg
 19907 | Lair:5   | Reached skill level 13 in Dodging
 20170 | Lair:6   | Found a staircase to the Slime Pits.
 20199 | Lair:6   | Got a shimmering helmet
 20211 | Lair:6   | Identified the cursed +0 helmet of Circular Logic {rCorr
                  | Str+6} (You found it on level 6 of the Lair of Beasts)
 20592 | Lair:6   | Reached skill level 14 in Dodging
 20666 | Lair:6   | Reached XP level 14. HP: 105/110 MP: 14/14
 21241 | D:12     | Upgraded the game from 0.25-a0-458-g6fc7858b95 to
                  | 0.25-a0-460-g4f2eb97ec1
 21267 | D:12     | Learned a level 2 spell: Passwall
 21515 | D:12     | Reached skill level 1 in Transmutations
 21515 | D:12     | Reached skill level 1 in Earth Magic
 22132 | D:12     | Reached skill level 15 in Dodging
 22405 | D:12     | Reached skill level 1 in Spellcasting
 22780 | D:13     | Found Durch's Antique Weapon Shoppe.
 22792 | D:13     | Found an ornate altar of the Wu Jian Council.
 22920 | D:13     | Found Boaffuw's Book Shoppe.
 22938 | D:13     | You fall into a shaft and drop 2 floors!
 22938 | D:15     | Entered Level 15 of the Dungeon
 23033 | D:14     | Found a snail-covered altar of Cheibriados.
 23062 | D:13     | Found Sieg's Antique Weapon Shop.
 23173 | D:13     | Found a gate leading to a gauntlet.
 23222 | D:13     | Reached ****** piety under Dithmenos
 23238 | D:13     | Found a gate to the Vaults.
 23238 | D:13     | Noticed an ironheart preserver
 23251 | D:13     | Killed an ironheart preserver
 23251 | D:13     | Reached skill level 5 in Spellcasting
 23279 | D:13     | Found Anegucagh's Food Emporium.
 23280 | D:13     | Found Syest's General Store.
 23281 | D:13     | Found Usipsesm's Antique Armour Emporium.
 23287 | D:13     | Found Zidoeg's Distillery.
 23373 | D:13     | Found Owyimoi's General Store.
 23412 | D:13     | Bought a scroll of magic mapping for 52 gold pieces
 23632 | D:13     | Identified Liepu's Tome of the Voyage and Calling
 24235 | D:14     | Found a runed translucent gate.
 24235 | D:14     | Found a runed translucent gate.
 24311 | D:14     | Found a runed translucent gate.
 24311 | D:14     | Noticed Gargoyl's ghost (journeyman CeAK)
 24313 | D:14     | Found a roughly hewn altar of Beogh.
 24319 | D:14     | Identified the +4 triple sword "Worm" {pain, Stlth+}
 24319 | D:14     | Identified the +6 chain mail of Activism {Str+6}
 24319 | D:14     | Noticed an orc warlord
 24418 | D:14     | Found a glowing golden altar of the Shining One.
 24691 | Orc:1    | Entered Level 1 of the Orcish Mines
 24881 | Orc:1    | Learned a level 4 spell: Airstrike
 24921 | Orc:1    | Learned a level 2 spell: Swiftness
 25233 | Orc:2    | Entered Level 2 of the Orcish Mines
 25247 | Orc:2    | Found a roughly hewn altar of Beogh.
 25261 | Orc:2    | Found Nujanemigo's Armour Shoppe.
 25308 | Orc:2    | Reached skill level 1 in Air Magic
 25381 | Orc:2    | Found Inewal's Magic Scroll Emporium.
 25388 | Orc:2    | Found a burning altar of Makhleb.
 25389 | Orc:2    | Bought a scroll of blinking for 105 gold pieces
 25389 | Orc:2    | Bought a scroll of blinking for 105 gold pieces
 25389 | Orc:2    | Bought a scroll of fear for 49 gold pieces
 25389 | Orc:2    | Bought a scroll of magic mapping for 49 gold pieces
 25785 | Orc:2    | Reached XP level 15. HP: 103/115 MP: 27/27
 25823 | Orc:2    | Noticed Saint Roka
 25984 | Orc:2    | Found a roughly hewn altar of Beogh.
 25996 | Orc:2    | Found Reabriacle's Gadget Emporium.
 26044 | Orc:2    | Found a staircase to the Elven Halls.
 26124 | Orc:2    | Found a roughly hewn altar of Beogh.
 26151 | Orc:2    | Found a roughly hewn altar of Beogh.
 26163 | Orc:2    | Found Hiygej's Humungous Hoard.
 26171 | Orc:2    | Bought a potion of heal wounds for 60 gold pieces
 26336 | Orc:2    | Found a roughly hewn altar of Beogh.
 26462 | Orc:2    | Found a roughly hewn altar of Beogh.
 26619 | D:13     | Bought a pair of faintly humming boots for 361 gold pieces
 26629 | D:13     | Identified the cursed +0 pair of boots of the Cast Vote
                  | {+Fly rCorr Str-2} (You bought it in a shop on level 13 of
                  | the Dungeon)
 26631 | D:13     | Bought an encrusted scale mail for 342 gold pieces
 26650 | D:13     | Identified the +4 scale mail "Udie" {+Inv rPois MR+ Str-4}
                  | (You bought it in a shop on level 13 of the Dungeon)
 26837 | Spider:1 | Entered Level 1 of the Spider Nest
 26896 | Spider:1 | Noticed a ghost moth
 26916 | Spider:1 | Killed a ghost moth
 27898 | Spider:1 | HP: 2/115 [disintegration (24)]
 27898 | Spider:1 | Mangled by a wolf spider

Levels and vault maps discovered:
D:1:      roderic_lyre, layout_basic
D:2:      layout_loops_ring, serial_rivers, chequers_serial_rivers_small_3,
          chequers_serial_rivers_room_a, chequers_serial_rivers_marsh,
          chequers_serial_rivers_small_3
D:3:      layout_loops_ring, first_ration
D:4:      layout_basic, guppyfry_early_orc_mine
D:5:      layout_rooms, portal_sewer_entry_b, minmay_misc_feat_cross,
          grunt_ministairs_3, nrook_mini_backslash, serial_park_tiny_1,
          hangedman_decor_riveting, minmay_misc_feat_tiny
D:6:      layout_rooms, serial_shops, nicolae_shop_behind_doors,
          minmay_misc_feat_roman, vehumet_altar_wand_db, uniq_sigmund
D:7:      layout_loops_cross, nicolae_overflow_hidden_temple,
          minmay_temple_entry_mini_moons, serial_shops, nicolae_shop_waterfront
D:8:      gammafunk_cloud_chamber, layout_basic, fedhas_ov_isle_minmay,
          nicolae_ossuary_entry_catacombs, uniq_erica
D:9:      layout_irregular_city, hiddenorc2_lemuel, serial_shops, shop,
          shop_statue, nicolae_shop_crystal, nicolae_shop_behind_doors,
          grunt_pizzeria, uniq_maurice
D:10:     layout_roguey, uniq_erolcha
D:11:     layout_rooms, lair_entry_dummy, serial_shops, kennysheep_mini_moat,
          uniq_josephine, uniq_nergalle
D:12:     layout_irregular_city
D:13:     cheibrodos_wizards_tower, layout_long_grid,
          skrybe_vaults_entry_preservation, gauntlet_entry_generic, basic_altar,
          serial_shops, nicolae_shop_waterfront, shop, nicolae_shop_waterfront,
          shop, minmay_shop_grid_forest
D:14:     layout_roguey, biasface_ghost_orc_armoury,
          nicolae_tso_carved_into_rock, cheibriados_altar_1
D:15:     gammafunk_enter_depths_forms, layout_irregular_city,
          minmay_misc_feat_square, uniq_rupert
Temple:   regret_index_temple_mists
Lair:1:   layout_loops_ring, uniq_fannar
Lair:2:   layout_long_grid, basic_altar
Lair:3:   layout_chaotic_city, spider_nest_entry_funnel_web
Lair:4:   layout_cave_pods, minmay_shoals_entry_centaurs
Lair:5:   layout_loops_ring, infiniplex_staircase_pool, grunt_megastairs_5
Lair:6:   hangedman_lair_tendril_chambers, layout_regular_city,
          minmay_slime_entry_pillars, uniq_snorg
Spider:1: layout_spider_delve, drop_trap
Orc:1:    layout_caves, library_closet
Orc:2:    grunt_orc_community_town_hall, layout_diamond_mine,
          grunt_orc_community_big_house_2, grunt_orc_community_big_house_2,
          grunt_orc_community_house_2, grunt_orc_community_house_2,
          grunt_orc_community_house_1, grunt_orc_community_house_3,
          serial_shops, shop, basic_altar, nicolae_alphabet_shops,
          bloody_makhleb

Skill      XL: |  1  2  3  4  5  6  7  8  9 10 11 12 13 14 15 |
---------------+----------------------------------------------+-----
Stealth        | 6 7 8 9 10 11 12 | 12.0
Short Blades   | 3 4 5 6 8 |  8.0
Dodging        | 2 3 4 7 10 11 12 14 15 | 15.0
Fighting       | 4 5 7 10 | 10.0
Long Blades    | 7 10 13 | 13.3
Armour         | 2 4 5 |  5.0
Transmutations | 3 |  3.0
Earth Magic    | 3 |  3.0
Spellcasting   | 8 |  8.9
Air Magic      | 1 4 |  4.4
Throwing       | |  1.5

Action                   |  1- 3 |  4- 6 |  7- 9 | 10-12 | 13-15 || total
-------------------------+-------+-------+-------+-------+-------++-------
Melee: Dagger            |    36 |   104 |   472 |   126 |       ||   738
       Short sword       |    57 |    31 |    92 |       |       ||   180
       Bite              |     8 |    16 |    68 |   111 |   175 ||   378
       Scimitar          |       |       |       |   378 |    36 ||   414
       Great sword       |       |       |       |   211 |   933 ||  1144
       Rapier            |       |       |       |    37 |    29 ||    66
Throw: Dart              |       |    10 |    31 |    70 |     8 ||   119
 Cast: Passwall          |       |       |       |       |     2 ||     2
Invok: Shadow Step       |       |       |       |     1 |       ||     1
 Abil: Revivify          |       |       |     2 |     3 |       ||     5
       Exsanguinate      |       |       |     1 |     3 |       ||     4
Evoke: Wand              |       |       |       |     4 |       ||     4
  Use: Scroll            |       |       |    12 |    14 |     6 ||    32
       Potion            |       |       |     2 |     3 |     2 ||     7
 Stab: Sleeping          |    15 |     2 |    35 |    30 |    53 ||   135
       Distracted        |       |       |       |     7 |     8 ||    15
Armor: Robe              |    12 |    11 |    76 |     8 |       ||   107
       Ring mail         |       |       |       |   134 |   142 ||   276
       Scale mail        |       |       |       |       |    83 ||    83
Dodge: Dodged            |    37 |    64 |   380 |   766 |  1215 ||  2462
       Rpst.: Scimitar   |       |       |       |   100 |     7 ||   107
       Great sword       |       |       |       |    97 |   311 ||   408

Table legend:
 A = Non-vault XP
 B = Vault XP
 C = Vault XP percentage of total XP
 D = Non-vault monster count
 E = Vault monster count
 F = Vault count percentage of total count
                 A         B        C        D         E       F
            +---------+---------+-------+---------+---------+-------
      Total |   85212 |   29352 |  25.6 |     525 |     237 |  31.1
            +---------+---------+-------+---------+---------+-------
        D:1 |      28 |       0 |   0.0 |      18 |       0 |   0.0
        D:2 |      32 |       0 |   0.0 |      12 |       0 |   0.0
        D:3 |     103 |     133 |  56.4 |      31 |       1 |   3.1
        D:4 |     458 |      93 |  16.9 |      24 |       6 |  20.0
        D:5 |     613 |      36 |   5.5 |      18 |      10 |  35.7
        D:6 |     634 |     228 |  26.5 |      18 |       2 |  10.0
        D:7 |     967 |       0 |   0.0 |      16 |       0 |   0.0
        D:8 |     834 |    1772 |  68.0 |      27 |      13 |  32.5
        D:9 |    1683 |    1033 |  38.0 |      16 |      33 |  67.3
       D:10 |    4684 |    2477 |  34.6 |      32 |       4 |  11.1
       D:11 |    4096 |     990 |  19.5 |      37 |       2 |   5.1
       D:12 |    7151 |       0 |   0.0 |      23 |       0 |   0.0
       D:13 |    7132 |    3443 |  32.6 |      43 |      10 |  18.9
       D:14 |    8510 |       0 |   0.0 |      28 |       0 |   0.0
     Lair:1 |    3227 |     991 |  23.5 |      11 |       1 |   8.3
     Lair:2 |    8529 |       0 |   0.0 |      28 |       0 |   0.0
     Lair:3 |    7921 |    1396 |  15.0 |      26 |       3 |  10.3
     Lair:4 |    9903 |     692 |   6.5 |      20 |       5 |  20.0
     Lair:5 |    5447 |    2060 |  27.4 |      14 |       8 |  36.4
     Lair:6 |    3905 |    9982 |  71.9 |      16 |      36 |  69.2
   Spider:1 |    5443 |       0 |   0.0 |      17 |       0 |   0.0
      Orc:1 |    2101 |       0 |   0.0 |      25 |       0 |   0.0
      Orc:2 |    1811 |    3780 |  67.6 |      25 |      61 |  70.9
      Sewer |       0 |      90 | 100.0 |       0 |      26 | 100.0
    Ossuary |       0 |     156 | 100.0 |       0 |      16 | 100.0
            +---------+---------+-------+---------+---------+-------
